Map: Dasan Station LE

Players

Fropez

  • Race: Protoss Protoss
  • League: Gold
  • Spawn Location: 12:00

ZtingeR - Winner!

  • Race: Terran Terran
  • League: Silver
  • Spawn Location: 6:00

VOD

Have the link to the VOD?

Description

Time

  • Played on: Nov. 16, 2016, 3:08 p.m.
  • Length: 4:55
Show
View Real Time Build Order
Export as new Build Order

Fropez Protoss 

Build Orders:  

Get SALT Encoding   

  12  0:01  Probe (Chrono Boost)  
  13  0:13  Probe (Chrono Boost)  
  14  0:19  Pylon  
  14  0:24  Probe (Chrono Boost)  
  15  0:33  Assimilator  
  15  0:37  Probe (Chrono Boost)  
  15  0:42  Gateway  
  16  0:48  Probe (Chrono Boost)  
  17  0:58  Probe (Chrono Boost)  
  17  1:03  Gateway  
  18  1:09  Probe (Chrono Boost)  
  19  1:11  Assimilator  
  19  1:20  Probe (Chrono Boost)  
  19  1:24  Pylon  
  20  1:30  Probe (Chrono Boost)  
  21  1:41  Probe (Chrono Boost)  
  22  1:47  Cybernetics Core  
  22  1:51  Probe (Chrono Boost)  
  23  2:06  Nexus  
  23  2:15  Cybernetics Core  
  23  2:38  Nexus  
  23  2:41  Pylon  
  23  2:42  Probe (Chrono Boost)  
  23  2:43  Pylon  
  24  2:53  Mothership Core (Chrono Boost)  
  24  2:54  Adept  
  28  2:59  Warp Gate (Chrono Boost)  
  28  3:03  Adept  
  30  3:12  Probe (Chrono Boost)  
  31  3:23  Stalker  
  33  3:30  Sentry  
  33  3:33  Probe (Chrono Boost), Forge  
  36  3:46  Probe (Chrono Boost)  
  37  3:54  Sentry  
  39  3:56  Adept  
  39  3:57  Probe  
  42  4:12  Probe  
  42  4:13  Probe  
  44  4:22  Probe  
  42  4:29  Photon Cannon  
Show
View Real Time Build Order
Export as new Build Order

ZtingeR Terran - Winner!

Build Orders:  

Get SALT Encoding   

  12  0:00  SCV  
  13  0:13  SCV  
  14  0:17  Supply Depot  
  14  0:25  SCV  
  15  0:38  SCV  
  15  0:39  Barracks  
  16  0:45  Refinery  
  16  0:50  SCV  
  17  1:03  SCV  
  18  1:15  SCV  
  19  1:31  Orbital Command  
  19  1:40  Command Center  
  19  1:45  Marine  
  20  1:51  Factory  
  20  1:57  SCV  
  21  2:05  Marine  
  22  2:14  SCV, Supply Depot  
  23  2:23  Refinery  
  23  2:35  Widow Mine  
  23  2:36  Marine, SCV  
  27  2:37  Starport  
  27  2:52  SCV  
  27  2:53  Marine  
  29  3:03  Orbital Command  
  29  3:04  SCV, Widow Mine  
  32  3:16  SCV, Medivac  
  35  3:27  Barracks Reactor  
  35  3:28  Barracks x2  
  35  3:29  SCV  
  35  3:30  SCV  
  37  3:39  Widow Mine  
  39  3:46  SCV x2  
  41  3:50  Supply Depot x2  
  41  3:58  Starport Reactor  
  40  4:16  SCV x2  
  41  4:18  Marine x2  
  44  4:28  SCV x2, Barracks Tech Lab x2  
  47  4:40  SCV x2  
Tags
 
Matchup
PvT
Replay Pack
All Mines
Spawn Locations
Cross Positions
Add a new tag
Caveats
  • Supply blocks, unpowered buildings, or Contaminate may cause inaccurate times.
  • Supply counts are checked every 10 seconds.